Map: Dusk Towers

Players

Sweps

  • Race: Protoss Protoss
  • League: Grandmaster

Bakemonoda - Winner!

  • Race: Terran Terran
  • League: Master

VOD

https://youtu.be/znh0d-OMQU8

Description

Time

  • Played on: Jan. 7, 2016, 5:44 a.m.
  • Length: 5:11
Show
View Real Time Build Order
Export as new Build Order

Sweps Protoss 

Build Orders:  

Get SALT Encoding   

  12  0:00  Probe (Chrono Boost)  
  13  0:11  Probe (Chrono Boost)  
  14  0:17  Pylon  
  14  0:22  Probe (Chrono Boost)  
  15  0:35  Probe (Chrono Boost)  
  16  0:37  Gateway  
  16  0:44  Assimilator  
  16  0:46  Probe (Chrono Boost)  
  17  0:56  Probe (Chrono Boost)  
  18  0:57  Assimilator  
  18  1:07  Probe (Chrono Boost)  
  18  1:09  Pylon  
  19  1:17  Probe (Chrono Boost)  
  20  1:24  Cybernetics Core  
  20  1:28  Probe (Chrono Boost)  
  21  1:38  Probe (Chrono Boost)  
  21  1:49  Probe (Chrono Boost)  
  22  2:01  Adept (Chrono Boost)  
  24  2:02  Mothership Core (Chrono Boost)  
  24  2:03  Warp Gate  
  26  2:21  Probe (Chrono Boost)  
  27  2:27  Stalker (Chrono Boost)  
  29  2:33  Probe  
  30  2:47  Nexus  
  30  2:48  Pylon  
  30  2:50  Pylon  
  30  3:02  Probe  
  23  3:41  Probe  
  23  3:43  Twilight Council  
  23  3:53  Probe  
  24  4:05  Probe  
  23  4:14  Forge  
  21  4:17  Probe x2  
  21  4:22  Pylon  
  21  4:24  Pylon  
  23  4:28  Probe  
  23  4:29  Probe  
  23  4:30  Pylon  
  25  4:34  Assimilator  
  24  4:38  Probe  
  24  4:41  Probe  
  25  4:49  Stalker, Probe  
  28  4:54  Probe  
  28  4:58  Photon Cannon  
  29  5:06  Assimilator  
Show
View Real Time Build Order
Export as new Build Order

Bakemonoda Terran - Winner!

Build Orders: Cyclone Opening 

Get SALT Encoding   

  12  0:01  SCV  
  13  0:13  SCV  
  14  0:17  Supply Depot  
  14  0:25  SCV  
  15  0:28  Refinery  
  15  0:40  Barracks  
  15  0:44  SCV  
  16  0:57  SCV, Refinery  
  17  1:09  SCV  
  18  1:21  SCV  
  19  1:30  Factory  
  19  1:33  SCV  
  19  1:34  Barracks Tech Lab  
  20  1:49  Orbital Command  
  20  2:01  Factory  
  20  2:26  Cyclone  
  23  2:30  Supply Depot  
  23  2:39  Supply Depot  
  23  2:51  Widow Mine  
  23  2:52  SCV  
  26  3:01  Cyclone  
  26  3:04  SCV  
  30  3:07  Supply Depot  
  30  3:23  Widow Mine  
  31  3:37  Cyclone  
  34  3:55  Widow Mine  
  35  4:03  Command Center  
  38  4:20  SCV  
  36  4:26  Starport  
  36  4:28  Widow Mine  
  38  4:37  Cyclone  
  41  4:40  SCV  
  41  4:43  Barracks Reactor  
  42  4:53  SCV  
Tags
 
Add a new tag
Caveats
  • Supply blocks, unpowered buildings, or Contaminate may cause inaccurate times.
  • Supply counts are checked every 10 seconds.